Unix NetHack Version 5.0.0-0 post-release - last build May 23 2026 06:08:33 (1c0ff79ee797540d5714e4e18072db0edd9e58ae,branch:main).

Game began 2026-05-25 22:52:59, ended 2026-05-26 04:00:58.

IanCurtis, chaotic male elven Wizard

                                                        ##########   -.-------
          -------                      ---------        #--------####-.......|
          |.....|                      |.......|        #|......|  # |.*.....|
          |.....|                      |........#########|......@####........|
          |.....|                 #####........|         |......|#   |.....[.|
          |.....-##########       #    |.......|         |......|    |.......|
          |.....|         #  -----#    ------.--         -|------    ----.----
          |.....|         ###|...|#          ##           ###           ###
          -------           #....|#           ##           #            #
                             |....#            #           ####       ###
                             |.<.|             ##             #####   ##
                             --.--              #          ############
                               )                #        ##`   ######
                               #          ------.--     -|-----|----.---
                               #          |.......|     |........>.....|
                               )     $    ||.*....|     |..............|
                               ###########.........#####...............|
                              $           ---------     ----------------

IanCurtis the Thaumaturge  St:8 Dx:11 Co:16 In:19 Wi:12 Ch:9  Chaotic
Dlvl:5  $:248 HP:0(44) Pw:65(85) AC:8  Xp:6 T:3899  Fainting

Latest messages:
 The orc shaman points all around, then curses.
 You hit the orc shaman.
 You miss the orc shaman.
 The orc shaman points all around, then curses.
 You miss the orc shaman.
 The orc shaman casts a spell at you!
 Your brain is on fire!
 Are you sure you want to pray? [yes|no] yes
 You begin praying to Anhur.
 The orc shaman points at you, then curses.
 The orc shaman points all around, then curses.
 You finish your prayer.
 You feel that Anhur is displeased.
 You are too hungry to cast that spell.
 You hit the orc shaman!
 The orc shaman points all around, then curses.
 You faint from lack of food.
 The orc shaman points all around, then curses.
 The orc shaman points at you, then curses.
 The orc shaman points all around, then curses.
 The orc shaman points all around, then curses.
 The orc shaman points all around, then curses.
 You regain consciousness.
 You are too hungry to cast that spell.
 What do you want to zap? [cdJN or ?*] ?
 Nothing happens.
 You can hear again.
 You hit the orc shaman.
 The orc shaman points all around, then curses.
 What do you want to zap? [cdJN or ?*] ?
 In what direction? k
 The wand hits the orc shaman!
 You kill the orc shaman!
 What do you want to wear? [bWY or ?*] M
 You are now wearing a towel around your head.
 You can't see any more.
 What do you want to remove? [M or ?*] M
 You were wearing an uncursed towel.
 You can see again.
 You faint from lack of food.
 You regain consciousness.
 Are you sure you want to pray? [yes|no] yes
 You begin praying to Anhur.
 You finish your prayer.
 You feel that Anhur is displeased.
 What do you want to zap? [cdJN or ?*] J
 In what direction? .
 You bash yourself!
 You die...
 Do you want your possessions identified? [ynq] (y) q

Inventory:
 Coins    ('$')
  $ - 248 gold pieces
 Weapons  (')')
  a - a blessed +1 quarterstaff (weapon in hands)
 Armor    ('[')
  A - an uncursed +0 orcish helm (being worn)
  S - a cursed +0 pair of elven boots (being worn)
  Y - a cursed +0 cloak of invisibility
  b - an uncursed +0 cloak of magic resistance
  W - a cursed burnt +1 robe
 Comestibles  ('%')
  X - a cursed sprig of wolfsbane
 Scrolls  ('?')
  y - an uncursed scroll of amnesia
  r - an uncursed scroll of charging
  H - an uncursed scroll of create monster
  p - an uncursed scroll of enchant weapon
  q - an uncursed scroll of food detection
  k - an uncursed scroll of genocide
  j - 3 uncursed scrolls of identify
  i - an uncursed scroll of remove curse
  C - an uncursed scroll of scare monster
 Spellbooks  ('+')
  z - an uncursed spellbook of cause fear
  s - an uncursed spellbook of cure blindness
  l - a blessed spellbook of force bolt
  m - an uncursed spellbook of light
  v - an uncursed spellbook of slow monster
 Potions  ('!')
  G - an uncursed potion of gain energy
  u - a blessed potion of healing
  L - an uncursed potion of healing
  f - an uncursed potion of see invisible
  h - 2 uncursed potions of water
 Rings    ('=')
  e - an uncursed ring of conflict
  t - a cursed -1 ring of gain constitution named cursed
  Q - an uncursed ring of protection from shape changers
 Wands    ('/')
  d - a wand of create monster (0:0)
  N - a wand of locking (0:5)
  c - a wand of secret door detection (0:15)
  J - a wand of striking (0:2)
 Tools    ('(')
  o - an uncursed wooden flute
  n - a magic marker (0:20)
  M - an uncursed towel

IanCurtis the Wizard's attributes:

Background:
 You were a Thaumaturge, a level 6 male elven Wizard.
 You were chaotic, on a mission for Anhur
 who was opposed by Ptah (lawful) and Thoth (neutral).
 You were right-handed.
 You were in the Dungeons of Doom, on level 5.
 You entered the dungeon 3899 turns ago.
 It was nighttime.
 You had 454 experience points, 186 more were needed to attain level 7.

Basics:
 You had 0 out of 44 hit points.
 You had 65 out of 85 energy points (spell power).
 Your armor class was 8.
 Your wallet contained 248 zorkmids.
 Autopickup was off.

Final Characteristics:
 Your strength was 8 (base:9, limit:18).
 Your dexterity was 11 (limit:18).
 Your constitution was 16 (limit:16).
 Your intelligence was 19 (limit:20).
 Your wisdom was 12 (limit:20).
 Your charisma was 9 (limit:18).

Final Status:
 You were fainting due to starvation.
 You were unencumbered.
 You were wielding a quarterstaff.
 You had basic skill with quarterstaff and could have enhanced that.

Final Attributes:
 You were piously aligned.
 You were sleep resistant.
 You were telepathic.
 You had infravision.
 You were stealthy.
 You were unlucky.
 You are dead.

Miscellaneous:
 You encountered 1 bones level.
 Total elapsed playing time was 54 minutes and 29 seconds.

Major events:
 Turn
    1: IanCurtis the chaotic male elven Wizard entered the dungeon
 1081: attained the rank of Conjurer (level 3)
 3434: attained the rank of Thaumaturge (level 6)
 3899: zapped himself with a wand of striking

Spells:
 Name                 Level Category     Fail Retention
 force bolt             1   attack         0%   81%-90%
 light                  1   divination     0%  76%-100%
 cure blindness         2   healing       41%  76%-100%
 slow monster           2   enchantment    0%   81%-90%
 cause fear             3   enchantment    0%   81%-90%
 magic missile          2   attack         0%  91%-100%

Skills:
 Fighting Skills
   bare handed combat [Unskilled]
   riding             [Unskilled]
 Weapon Skills
   dagger             [Unskilled]
   knife              [Unskilled]
   axe                [Unskilled]
   short sword        [Unskilled]
   club               [Unskilled]
   mace               [Unskilled]
   quarterstaff       [Basic]
   polearms           [Unskilled]
   spear              [Unskilled]
   trident            [Unskilled]
   sling              [Unskilled]
   dart               [Unskilled]
   shuriken           [Unskilled]
 Spellcasting Skills
   attack spells      [Basic]
   healing spells     [Unskilled]
   divination spells  [Unskilled]
   enchantment spells [Basic]
   clerical spells    [Unskilled]
   escape spells      [Unskilled]
   matter spells      [Unskilled]

Voluntary challenges:
 Character rerolling was not enabled.
 You never genocided any monsters.
 You never polymorphed an object.
 You never changed form.
 You used no wishes.
Achievements:
 You entered a shop.
 You attained the rank of Conjurer.
 You attained the rank of Thaumaturge.

 The Dungeons of Doom: levels 1 to 6
    Level 1:
    Level 2:
       A potion shop.
    Level 3:
       Some fountains, a grave.
    Level 4:
       An altar to Anhur, a fountain.
    Level 5: <- You were here.
       A grave.
       Final resting place for
          you, zapped yourself with a wand of striking.
    Level 6:
       A sink.
       Final resting place for
          gbast73-Mon-Hum-Mal-Cha, killed by a plains centaur.


Vanquished creatures:
  a leprechaun
  a blue jelly
  a plains centaur
  3 human zombies
  a wood nymph
  a mountain nymph
 an orc shaman
  3 rock piercers
  a pony
  a fog cloud
  a gnome leader
  a straw golem
  a little dog
  a floating eye
  a kitten
  a hill orc
  a rabid rat
  3 orc zombies
  a coyote
  2 hobbits
  2 hobgoblins
  a giant rat
  2 yellow molds
  8 garter snakes
  a gnome zombie
  2 geckos
  9 jackals
  a fox
  a kobold
  3 goblins
  4 sewer rats
  6 grid bugs
  4 bats
  2 lichens
  a kobold zombie
  9 newts
83 creatures vanquished.

No species were genocided or became extinct.

Game over:
                       ----------
                      /          \
                     /    REST    \
                    /      IN      \
                   /     PEACE      \
                  /                  \
                  |    IanCurtis     |
                  |      248 Au      |
                  |  zapped himself  |
                  |  with a wand of  |
                  |     striking     |
                  |                  |
                  |       2026       |
                 *|     *  *  *      | *
        _________)/\\_//(\/(/\)/\//\/|_)_______

Goodbye IanCurtis the Wizard...

You died in The Dungeons of Doom on dungeon level 5 with 2290 points,
and 248 pieces of gold, after 3899 moves.
You were level 6 with a maximum of 44 hit points when you died.

